PR
HUDSONVILLE FLANDERSES @ INDIANA LEAD SOX
06/24/2037
 
TOP OF THE 1ST
Hudsonville Flanderses batting - Pitching for Indiana Lead Sox : LHP Carlos Poujol
Pitching: LHP Carlos Poujol
Batting: RHB Adam Smith 0-0: Ball
1-0: Swinging Strike
1-1: Ground out 5-3 (Groundball, 56, EV 81.9 MPH)
Batting: LHB Lung Chaim 0-0: Swinging Strike
0-1: Ball
1-1: Foul Ball, location: 2F
1-2: Ball
2-2: SINGLE (Flyball, 7S, EV 95.0 MPH)
Batting: SHB Ezequíel Gaos 0-0: Ball
1-0: Grounds into double play, 6-4-3 (Groundball, 6, EV 82.5 MPH)
Top of the 1st over - 0 runs, 1 hit, 0 errors, 0 left on base; Hudsonville 0 - Indiana 0
BOTTOM OF THE 1ST
Indiana Lead Sox batting - Pitching for Hudsonville Flanderses : RHP Javier Guillén
Pitching: RHP Javier Guillén
Batting: LHB Doug Pollock 0-0: Called Strike
0-1: Ball
1-1: Called Strike
1-2: Ball
2-2: Ball
3-2: Strikes out swinging
Batting: LHB Jeff Griffin 0-0: Fly out, F7 (Flyball, 78M, EV 88.8 MPH)
Batting: RHB John Batman 0-0: Called Strike
0-1: Swinging Strike
0-2: Ball
1-2: Ball
2-2: Foul Ball, location: 2F
2-2: Ball
3-2: Fly out, F6 (Line Drive, 6, EV 65.0 MPH)
Bottom of the 1st over - 0 runs, 0 hits, 0 errors, 0 left on base; Hudsonville 0 - Indiana 0
TOP OF THE 2ND
Hudsonville Flanderses batting - Pitching for Indiana Lead Sox : LHP Carlos Poujol
Batting: RHB Nicodemo Nardone 0-0: Ball
1-0: Ball
2-0: SINGLE (Line Drive, 89M, EV 101.9 MPH)
Batting: RHB António Etxebarria 0-0: Ball
1-0: Foul Ball, location: 2F
1-1: Foul Ball, location: 2F
1-2: Strikes out looking
Batting: RHB Magnus Fjord 0-0: Ball
Wild Pitch!
Nicodemo Nardone to second
1-0: Called Strike
1-1: Called Strike
1-2: Foul Ball, location: 2F
1-2: Strikes out swinging
Batting: RHB Iván Coello 0-0: Called Strike
0-1: Foul Ball, location: 2F
0-2: Strikes out looking
Top of the 2nd over - 0 runs, 1 hit, 0 errors, 1 left on base; Hudsonville 0 - Indiana 0
BOTTOM OF THE 2ND
Indiana Lead Sox batting - Pitching for Hudsonville Flanderses : RHP Javier Guillén
Batting: LHB Xavier Petit 0-0: Foul Ball, location: 2F
0-1: Swinging Strike
0-2: Ball
1-2: Strikes out swinging
Batting: RHB Iván Reyes 0-0: Ball
1-0: Ground out 6-3 (Groundball, 4MS, EV 68.8 MPH)
Batting: RHB Armando Silva 0-0: Ball
1-0: Ball
2-0: Called Strike
2-1: Ground out 6-3 (Groundball, 6, EV 92.5 MPH)
Bottom of the 2nd over - 0 runs, 0 hits, 0 errors, 0 left on base; Hudsonville 0 - Indiana 0
TOP OF THE 3RD
Hudsonville Flanderses batting - Pitching for Indiana Lead Sox : LHP Carlos Poujol
Batting: RHB Cristo Lucas 0-0: Foul Ball, location: 2F
0-1: Ball
1-1: Ball
2-1: Called Strike
2-2: Strikes out swinging
Batting: RHB Robert Love 0-0: Called Strike
0-1: Foul Ball, location: 2F
0-2: Ball
1-2: Strikes out swinging
Batting: RHB Adam Smith 0-0: Ball
1-0: Foul Ball, location: 2F
1-1: Foul Ball, location: 2F
1-2: Ball
2-2: Ball
3-2: Foul Ball, location: 2F
3-2: Fly out, F7 (Flyball, 7LSF, EV 85.6 MPH)
Top of the 3rd over - 0 runs, 0 hits, 0 errors, 0 left on base; Hudsonville 0 - Indiana 0
BOTTOM OF THE 3RD
Indiana Lead Sox batting - Pitching for Hudsonville Flanderses : RHP Javier Guillén
Batting: SHB Ralph Titus 0-0: Called Strike
0-1: Ball
1-1: Fly out, F7 (Flyball, 7LSF, EV 91.2 MPH)
Batting: RHB Gil James 0-0: Swinging Strike
0-1: Foul Ball, location: 2F
0-2: Ball
1-2: Ball
2-2: Foul Ball, location: 2F
2-2: Fly out, F9 (Flyball, 9LSF, EV 89.4 MPH)
Batting: RHB Stephen Sparks 0-0: Ball
1-0: Ground out 5-3 (Groundball, 56S, EV 72.5 MPH)
Bottom of the 3rd over - 0 runs, 0 hits, 0 errors, 0 left on base; Hudsonville 0 - Indiana 0
TOP OF THE 4TH
Hudsonville Flanderses batting - Pitching for Indiana Lead Sox : LHP Carlos Poujol
Batting: LHB Lung Chaim 0-0: Ball
1-0: Ball
2-0: Called Strike
2-1: Foul Ball, location: 2F
2-2: Strikes out swinging
Batting: SHB Ezequíel Gaos 0-0: Ball
1-0: Fly out, F8 (Flyball, 78D, EV 78.8 MPH)
Batting: RHB Nicodemo Nardone 0-0: Ball
1-0: Ball
2-0: Ball
3-0: Called Strike
3-1: Called Strike
3-2: DOUBLE (Line Drive, 89D, EV 110.6 MPH)
Batting: RHB António Etxebarria 0-0: Called Strike
0-1: Called Strike
0-2: Strikes out swinging
Top of the 4th over - 0 runs, 1 hit, 0 errors, 1 left on base; Hudsonville 0 - Indiana 0
BOTTOM OF THE 4TH
Indiana Lead Sox batting - Pitching for Hudsonville Flanderses : RHP Javier Guillén
Batting: LHB Doug Pollock 0-0: Called Strike
0-1: Ball
1-1: Bunt for hit to 23 - play at first, batter safe!
Batting: LHB Jeff Griffin 0-0: Ball
1-0: Foul Ball, location: 2F
1-1: Fly out, F9 (Flyball, 9S, EV 81.2 MPH)
Batting: RHB John Batman 0-0: Ball
1-0: Ball
Wild Pitch!
Doug Pollock to second
2-0: Foul Ball, location: 2F
2-1: Foul Ball, location: 2F
2-2: Foul Ball, location: 2F
2-2: SINGLE (Flyball, 9S, EV 84.4 MPH)
Doug Pollock to third
Runner from 3rd tries for Home, SAFE, no throw by RF
Batting: LHB Xavier Petit 0-0: Called Strike
0-1: Called Strike
0-2: Ball
1-2: Ball
2-2: Foul Ball, location: 2F
2-2: Fielders Choice at 2nd, 6-4 (Groundball, 6M, EV 82.5 MPH)
Batting: RHB Iván Reyes 0-0: Swinging Strike
0-1: Reached on error, E6 (Groundball, 6, EV 88.1 MPH)
Xavier Petit to second
Batting: RHB Armando Silva 0-0: Ball
1-0: Ground out 1-3 (Groundball, 13S, EV 73.8 MPH)
Bottom of the 4th over - 1 run, 2 hits, 1 error, 2 left on base; Hudsonville 0 - Indiana 1
TOP OF THE 5TH
Hudsonville Flanderses batting - Pitching for Indiana Lead Sox : LHP Carlos Poujol
Batting: RHB Magnus Fjord 0-0: Bunt for hit to 15S - play at first, batter OUT! 1-3
Batting: RHB Iván Coello 0-0: Called Strike
0-1: Called Strike
0-2: Fly out, F8 (Line Drive, 8RM, EV 91.2 MPH)
Batting: RHB Cristo Lucas 0-0: Called Strike
0-1: Ball
1-1: Ball
2-1: SINGLE (Groundball, 6D, EV 101.9 MPH)
Batting: RHB Robert Love 0-0: Ball
1-0: Ball
Wild Pitch!
Cristo Lucas to second
2-0: Called Strike
2-1: Ground out 6-3 (Groundball, 6, EV 106.9 MPH)
Top of the 5th over - 0 runs, 1 hit, 0 errors, 1 left on base; Hudsonville 0 - Indiana 1
BOTTOM OF THE 5TH
Indiana Lead Sox batting - Pitching for Hudsonville Flanderses : RHP Javier Guillén
Batting: SHB Ralph Titus 0-0: Called Strike
0-1: Swinging Strike
0-2: Ball
1-2: Ball
2-2: Foul Ball, location: 2F
2-2: Foul Ball, location: 2F
2-2: Foul Ball, location: 2F
2-2: Foul Ball, location: 2F
2-2: Foul Ball, location: 2F
2-2: Ball
3-2: Ground out 4-3 (Groundball, 4, EV 85.6 MPH)
Batting: RHB Gil James 0-0: Called Strike
0-1: Ball
1-1: DOUBLE (Groundball, 5L, EV 104.4 MPH)
Batting: RHB Stephen Sparks 0-0: Ball
1-0: Fly out, F7 (Flyball, 7S, EV 87.5 MPH)
Batting: LHB Doug Pollock 0-0: Ball
1-0: Fly out, F9 (Flyball, 89M, EV 88.8 MPH)
Bottom of the 5th over - 0 runs, 1 hit, 0 errors, 1 left on base; Hudsonville 0 - Indiana 1
TOP OF THE 6TH
Hudsonville Flanderses batting - Pitching for Indiana Lead Sox : LHP Carlos Poujol
Batting: RHB Adam Smith 0-0: Ball
1-0: Ground out 5-3 (Groundball, 56, EV 80.6 MPH)
Batting: LHB Lung Chaim 0-0: Called Strike
0-1: Ground out 1-3 (Groundball, 15S, EV 62.5 MPH)
Batting: SHB Ezequíel Gaos 0-0: Foul Ball, location: 2F
0-1: Ball
1-1: Ball
2-1: Ground out 3-1 (Groundball, 34, EV 84.4 MPH)
Top of the 6th over - 0 runs, 0 hits, 0 errors, 0 left on base; Hudsonville 0 - Indiana 1
BOTTOM OF THE 6TH
Indiana Lead Sox batting - Pitching for Hudsonville Flanderses : RHP Javier Guillén
Batting: LHB Jeff Griffin 0-0: Ball
1-0: Called Strike
1-1: DOUBLE (Line Drive, 78D, EV 106.2 MPH)
Batting: RHB John Batman 0-0: Intentional Walk
Batting: LHB Xavier Petit 0-0: Ball
1-0: Called Strike
1-1: Foul Ball, location: 2F
1-2: Ball
2-2: Ball
3-2: Strikes out swinging
Batting: RHB Iván Reyes 0-0: DOUBLE (Line Drive, 9LM, EV 93.8 MPH)
Jeff Griffin scores
John Batman to third
Batting: RHB Armando Silva 0-0: Intentional Walk
Batting: SHB Ralph Titus 0-0: Called Strike
0-1: Swinging Strike
0-2: Foul Ball, location: 2F
0-2: Ball
1-2: Foul Ball, location: 2F
1-2: Foul Ball, location: 2F
1-2: Ball
2-2: Strikes out looking
Batting: RHB Gil James 0-0: Called Strike
0-1: Ball
1-1: Called Strike
1-2: Foul Ball, location: 2F
1-2: Ground out 4-3 (Groundball, 4, EV 108.8 MPH)
Bottom of the 6th over - 1 run, 2 hits, 0 errors, 3 left on base; Hudsonville 0 - Indiana 2
TOP OF THE 7TH
Hudsonville Flanderses batting - Pitching for Indiana Lead Sox : LHP Carlos Poujol
Batting: RHB Nicodemo Nardone 0-0: Ball
1-0: Foul Ball, location: 2F
1-1: Foul Ball, location: 2F
1-2: SINGLE (Groundball, 56D, EV 100.0 MPH)
Batting: RHB António Etxebarria 0-0: Swinging Strike
0-1: Swinging Strike
0-2: Ball
1-2: Ball
Wild Pitch!
Nicodemo Nardone to second
2-2: Ball
3-2: Base on Balls
Batting: RHB Magnus Fjord 0-0: Sac Bunt to 23 - play at first, batter safe!
Nicodemo Nardone to third
António Etxebarria to second
Batting: RHB Iván Coello 0-0: SINGLE (Groundball, 6, EV 103.8 MPH) (infield hit)
Nicodemo Nardone scores
António Etxebarria to third
Magnus Fjord to second
Batting: RHB Cristo Lucas 0-0: Called Strike
0-1: SINGLE (Groundball, 5, EV 101.9 MPH) (infield hit)
António Etxebarria scores
Magnus Fjord to third
Iván Coello to second
Pitching: RHP Foeke Advocaat
Batting: RHB Robert Love 0-0: Ball
1-0: Ball
Wild Pitch!
Magnus Fjord scores
Iván Coello to third
Cristo Lucas to second
2-0: Fly out, F8 (Flyball, 8LXD, EV 99.4 MPH)
Runner from 3rd tags up, SCORES, no throw by CF
Batting: RHB Adam Smith 0-0: Ball
1-0: Ball
2-0: Called Strike
2-1: Ball
Passed Ball!
Cristo Lucas to third
3-1: Foul Ball, location: 2F
3-2: Base on Balls
Batting: LHB Lung Chaim 0-0: Ball
1-0: Foul Ball, location: 2F
1-1: Ball
2-1: SINGLE (Line Drive, 4M, EV 106.2 MPH)
Cristo Lucas scores
Adam Smith to second
Runner from 2nd tries for 3rd, OUT! 8-5
Batting: SHB Ezequíel Gaos 0-0: Called Strike
0-1: Fly out, F9 (Line Drive, 9, EV 93.8 MPH)
Top of the 7th over - 5 runs, 5 hits, 0 errors, 1 left on base; Hudsonville 5 - Indiana 2
BOTTOM OF THE 7TH
Indiana Lead Sox batting - Pitching for Hudsonville Flanderses : RHP Javier Guillén
Batting: RHB Stephen Sparks 0-0: Ball
1-0: Called Strike
1-1: Ball
2-1: Ball
3-1: SINGLE (Flyball, 78S, EV 84.4 MPH)
Pitching: LHP António Morterero
Batting: LHB Doug Pollock 0-0: Reached on error, E1 (Groundball, 13, EV 43.8 MPH)
Stephen Sparks to second
Batting: LHB Jeff Griffin 0-0: Ball
1-0: Sac Bunt to 23 - play at third, runner OUT! 3-5
Doug Pollock to second
Batting: RHB John Batman 0-0: Ball
1-0: Swinging Strike
1-1: Ball
Doug Pollock is caught stealing 3rd base 2-5
2-1: Ball
3-1: Fly out, F8 (Flyball, 8LM, EV 87.5 MPH)
Bottom of the 7th over - 0 runs, 1 hit, 1 error, 1 left on base; Hudsonville 5 - Indiana 2
TOP OF THE 8TH
Hudsonville Flanderses batting - Pitching for Indiana Lead Sox : RHP Foeke Advocaat
Batting: RHB Nicodemo Nardone 0-0: Ball
1-0: Called Strike
1-1: Foul Ball, location: 2F
1-2: Ground out 6-3 (Groundball, 6S, EV 68.8 MPH)
Batting: RHB António Etxebarria 0-0: Ball
1-0: SINGLE (Groundball, 34D, EV 102.5 MPH)
Batting: RHB Magnus Fjord 0-0: Fielders Choice at 2nd, 6-4 (Groundball, 6, EV 90.6 MPH)
Batting: RHB Iván Coello 0-0: SINGLE (Flyball, 89M, EV 93.1 MPH)
Magnus Fjord to second
Runner from 2nd tries for 3rd, SAFE, no throw by RF
Batting: RHB Cristo Lucas 0-0: Called Strike
0-1: Swinging Strike
Passed Ball!
Magnus Fjord scores
Iván Coello to second
0-2: Strikes out looking
Top of the 8th over - 1 run, 2 hits, 0 errors, 1 left on base; Hudsonville 6 - Indiana 2
BOTTOM OF THE 8TH
Indiana Lead Sox batting - Pitching for Hudsonville Flanderses : LHP António Morterero
Batting: LHB Xavier Petit 0-0: Called Strike
0-1: Swinging Strike
0-2: Ball
1-2: Ball
2-2: Foul Ball, location: 2F
2-2: Ball
3-2: Strikes out swinging
Batting: RHB Iván Reyes 0-0: Foul Ball, location: 2F
0-1: Called Strike
0-2: Foul Ball, location: 2F
0-2: Ground out 4-3 (Groundball, 4S, EV 71.2 MPH)
Batting: RHB Armando Silva 0-0: Ball
1-0: Swinging Strike
1-1: Ground out 5-3 (Groundball, 5, EV 88.1 MPH)
Bottom of the 8th over - 0 runs, 0 hits, 0 errors, 0 left on base; Hudsonville 6 - Indiana 2
TOP OF THE 9TH
Hudsonville Flanderses batting - Pitching for Indiana Lead Sox : RHP Foeke Advocaat
Batting: RHB Robert Love 0-0: Ball
1-0: Called Strike
1-1: Ball
2-1: Ball
3-1: Foul Ball, location: 2F
3-2: Strikes out swinging
Batting: RHB Adam Smith 0-0: Called Strike
0-1: Ball
1-1: Foul Ball, location: 2F
1-2: Strikes out looking
Batting: LHB Lung Chaim 0-0: SINGLE (Groundball, 34, EV 103.8 MPH) (infield hit)
Batting: SHB Ezequíel Gaos 0-0: Called Strike
0-1: Ball
1-1: Swinging Strike
1-2: Strikes out swinging
Top of the 9th over - 0 runs, 1 hit, 0 errors, 1 left on base; Hudsonville 6 - Indiana 2
BOTTOM OF THE 9TH
Indiana Lead Sox batting - Pitching for Hudsonville Flanderses : LHP António Morterero
Batting: SHB Ralph Titus 0-0: Ball
1-0: Foul Ball, location: 2F
1-1: Ground out 6-3 (Groundball, 6, EV 96.2 MPH)
Batting: RHB Gil James 0-0: Called Strike
0-1: Ball
1-1: Called Strike
1-2: SINGLE (Groundball, 34S, EV 81.2 MPH) (infield hit)
Batting: RHB Stephen Sparks 0-0: Ball
1-0: Called Strike
1-1: Ball
2-1: Called Strike
2-2: Ball
3-2: Fly out, F8 (Flyball, 8LXD, EV 93.1 MPH)
Pitching: RHP William Morán
Batting: LHB Doug Pollock 0-0: Swinging Strike
0-1: Foul Ball, location: 2F
0-2: Strikes out looking
Bottom of the 9th over - 0 runs, 1 hit, 0 errors, 1 left on base; Hudsonville 6 - Indiana 2
Thursday, January 23rd, 2020 - OOTP Baseball 20.8 Build 74